 Dungeon Crawl Stone Soup version 0.31-a0-604-g8e0283293c (webtiles) character file.

Game seed: 4001064473687862223

1683861 motkurizz the Acrobat (level 25, 135/135 HPs)
             Began as a Spriggan Hunter on Aug 21, 2023.
             Was a High Priest of Okawaru.
             Escaped with the Orb
             ... and 3 runes!
             The game lasted 03:47:18 (66433 turns).

motkurizz the Acrobat (Spriggan Hunter)            Turns: 66433, Time: 03:47:18

Health: 135/135    AC:  6    Str:  4    XL:     25   Next: 82%
Magic:  36/36      EV: 59    Int: 17    God:    Okawaru [*****.]
Gold:   3017       SH: 12    Dex: 41    Spells: 25/26 levels left

rFire   + + +        V - +1 hand crossbow of the Crawling Thing {speed, rN+}
rCold   + + +        B - +3 warlock's mirror {omnireflect}
rNeg    + . .        P - +1 steam dragon scales
rPois   +            A - +0 hat of Okawaru's Indignation {rElec rF+ rC+++ Str-5}
rElec   +            j - scarf of Slovenliness {repulsion, rPois Str-3 Dex+7}
rCorr   +            (gloves unavailable)
SInv    +            (boots unavailable)
Will    ++++.        O - amulet "Sutzinen" {Faith Str+2 Int+4 Dex+4}
Stlth   ++++         Y - ring of Harmony {rElec rF+ rC+ Int+2 Slay+3}
HPRegen 0.42/turn    h - ring "Giadgh" {rF+ rC+ rCorr Str+3 SInv}
MPRegen 0.25/turn

%: repel missiles, reflection, faith
@: studying 4 skills, very quick
A: very small, no large weapons, unfitting armour, see invisible, speed 3,
deterioration 1, frail 1
0: Orb of Zot
}: 3/15 runes: decaying, silver, gossamer
a: Renounce Religion, Heroism, Finesse, Duel


You escaped.
You worshipped Okawaru.
Okawaru was extremely pleased with you.
You visited 11 branches of the dungeon, and saw 50 of its levels.
You visited 1 bazaar.
You also visited: Bailey, Ice Cave and Desolation.

You collected 8408 gold pieces.
You spent 5391 gold pieces at shops.

Inventory:

Hand Weapons
 g - a +9 hand crossbow of freezing
 V - the +1 hand crossbow of the Crawling Thing (weapon) {speed, rN+}
   (Okawaru gifted it to you on level 3 of the Spider Nest)

   rN+:       It protects you from negative energy.
Armour
 j - the scarf of Slovenliness (worn) {repulsion, rPois Str-3 Dex+7}
   (Okawaru gifted it to you in an ice cave)

   Str-3:     It affects your strength (-3).
   Dex+7:     It affects your dexterity (+7).
   rPois:     It protects you from poison
 r - the +4 dragonskin cloak
   (You took it off Tiamat on level 4 of the Realm of Zot)

   Avatar's Aegis: It grants the wearer a chance to resist fire, cold, poison,
   electricity, acid, and negative energy.
 u - the +3 hat of Pondering {ponderous, Will+ MP+10 Int+5}
   (You took it off Gastronok on level 11 of the Dungeon)

   Int+5:     It affects your intelligence (+5).
   Will+:     It increases your willpower.
   MP+10:     It affects your magic capacity (+10).
 A - the +0 hat of Okawaru's Indignation (worn) {rElec rF+ rC+++ Str-5}
   (Okawaru gifted it to you on level 4 of the Vaults)

   Str-5:     It affects your strength (-5).
   rF+:       It protects you from fire.
   rC+++:     It renders you almost immune to cold.
   rElec:     It insulates you from electricity.
 B - the +3 warlock's mirror (worn) {omnireflect}
   (You acquired it on level 4 of the Swamp)

   Omnireflect: It can block and reflect piercing ranged attacks and magical
   attacks against the wielder's willpower.
 P - +1 steam dragon scales (worn)
Jewellery
 a - the ring of Ciurph {rF+ rC+++ rCorr Int-4 SInv}
   (You took it off a vault guard on level 5 of the Vaults)

   [ring of protection from fire]

   Int-4:     It affects your intelligence (-4).
   rF+:       It protects you from fire.
   rC+++:     It renders you almost immune to cold.
   SInv:      It lets you see invisible.
   rCorr:     It protects you from acid and corrosion.
 f - the ring of Okawaru's Reproof {Fly rF+ rCorr Int-5}
   (You took it off a servant of whispers in the Desolation of Salt)

   [ring of flight]

   Int-5:     It affects your intelligence (-5).
   rF+:       It protects you from fire.
   Fly:       It grants you flight.
   rCorr:     It protects you from acid and corrosion.
 h - the ring "Giadgh" (right hand) {rF+ rC+ rCorr Str+3 SInv}
   (You took it off Tiamat on level 4 of the Realm of Zot)

   [ring of protection from cold]

   Str+3:     It affects your strength (+3).
   rF+:       It protects you from fire.
   rC+:       It protects you from cold.
   SInv:      It lets you see invisible.
   rCorr:     It protects you from acid and corrosion.
 M - the amulet of Xihuarel {Spirit rElec}
   (You took it off a servant of whispers in the Desolation of Salt)

   [amulet of guardian spirit]

   Spirit:    It causes incoming damage to be divided between your reserves of
   health and magic.
   rElec:     It insulates you from electricity.
 N - the ring "Samihey" {Contam rPois rCorr EV+5}
   (You bought it in a shop on level 5 of the Dungeon)

   [ring of evasion]

   EV+5:      It affects your evasion (+5).
   rPois:     It protects you from poison Contam: It causes magical
   contamination when unequipped.
   rCorr:     It protects you from acid and corrosion.
 O - the amulet "Sutzinen" (around neck) {Faith Str+2 Int+4 Dex+4}
   (You bought it in a shop in a bazaar)

   [amulet of faith]

   Faith:     It allows you to gain divine favour quickly.
   Str+2:     It affects your strength (+2).
   Int+4:     It affects your intelligence (+4).
   Dex+4:     It affects your dexterity (+4).
 Y - the ring of Harmony (left hand) {rElec rF+ rC+ Int+2 Slay+3}
   (You bought it in a shop on level 5 of the Dungeon)

   [ring of protection from cold]

   Int+2:     It affects your intelligence (+2).
   Slay+3:    It affects your accuracy & damage with ranged weapons and melee
   (+3).
   rF+:       It protects you from fire.
   rC+:       It protects you from cold.
   rElec:     It insulates you from electricity.
Talismans
 I - a granite talisman
Wands
 t - a wand of digging (4)
 w - a wand of iceblast (27)
 y - a wand of mindburst (33)
 J - a wand of flame (40)
 K - a wand of quicksilver (30)
 S - a wand of polymorph (28)
Scrolls
 b - 30 scrolls of identify
 e - 28 scrolls of teleportation
 k - 2 scrolls of silence
 l - 2 scrolls of fear
 m - 9 scrolls of poison
 x - 6 scrolls of blinking
 E - 3 scrolls of brand weapon
 F - 4 scrolls of immolation
 H - 9 scrolls of fog
 R - 7 scrolls of amnesia
 U - 4 scrolls of vulnerability
 Z - 5 scrolls of enchant armour
Potions
 c - 16 potions of curing
 d - 9 potions of enlightenment
 i - 10 potions of magic
 o - 11 potions of mutation
 q - 5 potions of heal wounds
 s - 7 potions of might
 v - 2 potions of brilliance
 z - 3 potions of haste
 C - 2 potions of invisibility
 D - 7 potions of attraction
 G - a potion of ambrosia
 L - 3 potions of cancellation
 T - 2 potions of resistance
Miscellaneous
 n - a phial of floods
 p - a lightning rod (4/4)
 W - a tin of tremorstones (2/2)


   Skills:
 - Level 22.0 Fighting
 - Level 22.0 Ranged Weapons
 - Level 22.0 Dodging
 - Level 22.0 Stealth
 - Level 6.5 Shields
 - Level 1.0 Spellcasting
 - Level 3.0 Hexes
 + Level 16.4 Invocations
 - Level 16.0 Evocations
 + Level 20.6 Shapeshifting


You had 25 spell levels left.
You knew the following spells:

 Your Spells              Type           Power      Damage    Failure   Level
a - Slow                  Hex            44%        N/A       11%         1

Your spell library contained the following spells:

 Spells                   Type           Power      Damage    Failure   Level
 Ensorcelled Hibernation  Hex/Ice        10%        N/A       28%         2
 Confusing Touch          Hex            11%        N/A       30%         3
 Apportation              Tloc           0%         N/A       34%         1
 Foxfire                  Conj/Fire      0%         2x1d4     34%         1
 Freeze                   Ice            0%         1d3       34%         1
 Shock                    Conj/Air       0%         1d3       34%         1
 Sting                    Tmut/Pois      0%         1d3       34%         1
 Cigotuvi's Dreadful Rot  Necr/Pois/Air  0%         N/A       47%         2
 Passwall                 Tmut/Erth      0%         N/A       47%         2
 Poisonous Vapours        Pois/Air       0%         N/A       47%         2
 Scorch                   Fire           0%         2d5       47%         2
 Sublimation of Blood     Necr           0%         N/A       47%         2
 Wereblood                Tmut           0%         N/A       47%         2
 Dazzling Flash           Conj/Hex       10%        N/A       50%         3
 Portal Projectile        Hex/Tloc       10%        N/A       50%         3
 Frozen Ramparts          Ice            0%         1d1       71%         3
 Hailstorm                Conj/Ice       0%         3d3       71%         3
 Ignite Poison            Fire/Tmut/Pois 0%         N/A       71%         3
 Ozocubu's Armour         Ice            0%         N/A       71%         3
 Stone Arrow              Conj/Erth      0%         3d7       71%         3
 Swiftness                Air            0%         N/A       71%         3
 Vampiric Draining        Necr           0%         2d6       71%         3
 Vhi's Electric Charge    Tloc/Air       0%         N/A       71%         3
 Volatile Blastmotes      Fire/Tloc      0%         2d10      71%         3
 Cause Fear               Hex            5%         N/A       71%         4
 Anguish                  Hex/Necr       2%         N/A       88%         4
 Fulminant Prism          Conj/Hex       2%         3d5       88%         4
 Leda's Liquefaction      Hex/Erth       2%         N/A       88%         4
 Airstrike                Air            0%         2d(0-16)  98%         4
 Dispel Undead            Necr           0%         3d6       98%         4
 Flame Wave               Conj/Fire      0%         2d4       98%         4
 Iskenderun's Mystic Bla  Conj/Tloc      0%         2d3       98%         4
 Olgreb's Toxic Radiance  Pois           0%         N/A       98%         4
 Passage of Golubria      Tloc           0%         N/A       98%         4
 Petrify                  Tmut/Erth      0%         N/A       98%         4
 Sticky Flame             Conj/Fire      0%         2d3       98%         4
 Metabolic Englaciation   Hex/Ice        2%         N/A       99%         5
 Silence                  Hex/Air        2%         N/A       99%         5
 Yara's Violent Unravell  Hex/Tmut       2%         3d3       99%         5
 Agony                    Necr           0%         N/A       100%        5
 Alistair's Intoxication  Tmut/Pois      0%         N/A       100%        5
 Arcjolt                  Conj/Air       0%         1d10      100%        5
 Borgnjor's Vile Clutch   Necr/Erth      0%         N/A       100%        5
 Lee's Rapid Deconstruct  Erth           0%         3d4*      100%        5
 Conjure Ball Lightning   Conj/Air       0%         3x3d6     100%        6
 Eringya's Noxious Bog    Tmut/Pois      0%         4d6       100%        6
 Plasma Beam              Fire/Air       0%         2x1d10    100%        6
 Enfeeble                 Hex            5%         N/A       100%        7
 Orb of Destruction       Conj           0%         9d5       100%        7
 Ozocubu's Refrigeration  Ice            0%         4d7       100%        7
 Borgnjor's Revivificati  Necr           0%         N/A       100%        8
 Discord                  Hex            5%         N/A       100%        8
 Ignition                 Fire           0%         3d3       100%        8
 Death's Door             Necr           0%         N/A       100%        9
 Tukima's Dance           Hex            Unusable   N/A       N/A         3
 Summon Guardian Golem    Hex/Summ       Unusable   N/A       N/A         3
 Call Canine Familiar     Summ           Unusable   N/A       N/A         3
 Animate Armour           Summ/Erth      Unusable   N/A       N/A         4
 Animate Dead             Necr           Unusable   N/A       N/A         4
 Summon Ice Beast         Ice/Summ       Unusable   N/A       N/A         4
 Death Channel            Necr           Unusable   N/A       N/A         6
 Simulacrum               Ice/Necr       Unusable   N/A       N/A         6
 Summon Cactus Giant      Summ           Unusable   N/A       N/A         6
 Haunt                    Necr/Summ      Unusable   N/A       N/A         7
 Spellforged Servitor     Conj/Summ      Unusable   N/A       N/A         7
 Summon Hydra             Summ           Unusable   N/A       N/A         7

Dungeon Overview and Level Annotations

Branches:
Dungeon (15/15)            Temple (1/1) D:7            Lair (5/5) D:8
  Swamp (4/4) Lair:3       Spider (4/4) Lair:2        Slime (0/5) Lair:4
    Orc (2/2) D:12            Elf (3/3) Orc:2        Vaults (5/5) D:13
  Crypt (2/3) Vaults:2     Depths (4/4) D:15            Zot (5/5) Depths:4
 Bailey (visited)           IceCv (visited)         Desolation (visited)

Altars:
Ashenzari
Cheibriados
Dithmenos
Elyvilon
Fedhas
Gozag
Hepliaklqana
Kikubaaqudgha
Makhleb
Nemelex Xobeh
Okawaru
Qazlal
Ru
Sif Muna
Trog
Uskayaw
Vehumet
Wu Jian
Xom
Yredelemnul
Zin
The Shining One
Jiyva

Shops:
D:2 !   D:5 (=*   D:12 *   D:15 [   Orc:2 :(*:   Elf:2 [   Elf:3 ==[
Vaults:2 *   Vaults:4 (

Portals:
Hell: Depths:1 Depths:3 Depths:4
Abyss: Depths:1 Depths:3 Depths:4
Pandemonium: Depths:3
Ziggurat: Depths:2

Annotations:
D:1 exclusion: downstairs
D:3 exclusion: downstairs
D:4 exclusion: downstairs
D:5 exclusion: 2 downstairs
D:6 exclusion: 2 yaks
D:7 2 transporters, exclusion: upstairs
D:8 exclusion: 2 downstairs
D:13 2 runed translucent doors
D:14 2 runed translucent doors, Agnes
Lair:1 exclusion: downstairs
Lair:2 exclusion: 2 downstairs
Swamp:3 exclusion: downstairs
Depths:2 4 exclusions
Zot:1 1 runed translucent door, Juzit's ghost, legendary GnFi
Zot:2 3 runed translucent doors, 2 transporters, Sofait's ghost, legendary GnFE


Innate Abilities, Weirdness & Mutations

You are very small and have problems with some larger weapons.
You are too small for most types of armour.
You have supernaturally acute eyesight. (SInv)
You cover ground extremely quickly. (Speed+++)
Your body sometimes deteriorates upon taking damage.
You are frail. (-10% HP)


Message History

You shoot a bolt. The bolt hits the hell beast!!!
You kill the hell beast!
Okawaru accepts your kill.
What level of the Dungeon? (default 1, ? - help)
You see here a +0 spear.
There is a stone staircase leading up here.
You climb upwards.
Level annotation: exclusion: 2 downstairs
There is a stone staircase leading down here.
There is a stone staircase leading up here.
You climb upwards.
Level annotation: exclusion: downstairs
There is a stone staircase leading down here.
You see here a +0 giant club.
There is a stone staircase leading up here.
You climb upwards.
Level annotation: exclusion: downstairs
There is a stone staircase leading down here.
A reaper comes into view. It is wielding a +2 heavy scythe.
There is a stone staircase leading up here.
You climb upwards.
There is a stone staircase leading down here.
What level of the Dungeon? (default 1, ? - help) Natasha, Servant of Life and Death comes into view.
You shoot a bolt. The bolt barely misses Natasha.
Natasha casts a spell.
You shoot a bolt. The bolt hits Natasha!!
You kill Natasha!
Okawaru accepts your kill.
The cerulean imp disappears in a puff of smoke!
What level of the Dungeon? (default 1, ? - help)
There is a stone staircase leading up here.
You climb upwards.
Level annotation: exclusion: downstairs
There is a stone staircase leading down here.
You enter the shallow water.
Moving in this stuff is going to be slow.
There is an open door here.
There is a staircase leading out of the dungeon here.
You have escaped!

#.~≈≈###≈≈≈+
#.~≈≈≈≈≈≈≈≈+#
#.≈≈≈≈≈≈≈≈≈≈≈
#.~≈≈##≈≈≈≈≈≈
#.≈~≈##≈≈≈≈≈≈≈≈##≈#
#.~~~≈≈≈≈≈≈≈≈≈≈##≈#
#.~≈≈~≈≈######≈≈≈≈#
##.~####≈#....#≈≈≈≈#
##..~'.>#≈#.@>.#≈≈≈≈#
#...~####≈#....#≈≈≈≈#
###.#..~≈≈≈≈####'#≈≈≈≈#
#.......≈≈≈≈≈~~≈~~≈≈≈~#
#.........~~~.....~~~.#
#..[......######.######
###................#
............########
............#


There were no monsters in sight!

Vanquished Creatures
  2 ancient liches (Zot:5)
  Tiamat (Zot:4)
  5 dread liches
  3 orbs of fire (Zot:5)
  Sojobo (Crypt:1)
  Josephina (Depths:4)
  A shard shrike (IceCv)
  Parghit (Depths:4)
  5 Killer Klowns (Zot:5)
  2 curse toes
  Xtahua (Vaults:4)
  A caustic shrike (Depths:3)
  17 golden dragons
  Jory (Vaults:5)
  Nikola (Spider:1)
  A golden dragon (shapeshifter) (Vaults:5)
  Norris (Elf:1)
  Arachne (Spider:3)
  2 doom hounds (Depths:4)
  5 electric golems
  Rupert (D:15)
  12 tentacled monstrosities
  26 Orb Guardians
  2 liches
  Zenata (Vaults:2)
  3 deep elf blademasters
  Asterion (Spider:1)
  5 titans
  Grunn (Depths:4)
  2 deep elf master archers (Elf:3)
  12 quicksilver dragons
  3 sphinxes
  7 death cobs
  Frances (D:13)
  3 ancient champions
  15 storm dragons
  Gastronok (D:11)
  Kirke (Elf:1)
  Donald (Swamp:3)
  4 shadow dragons
  7 tengu reavers
  2 thorn hunters
  4 draconian monks
  A fenstrider witch (Swamp:3)
  A daeva (D:14)
  3 revenants
  3 frost giants
  5 fire giants
  6 deep elf sorcerers
  2 emperor scorpions
  3 draconian scorchers
  4 ghost moths
  13 vault wardens
  2 draconian knights
  Louise (Spider:4)
  2 ghouls (Crypt:1)
  A balrug (Depths:4)
  5 deep elf elementalists
  A curse skull (Crypt:1)
  An orc warlord (Orc:2)
  7 broodmothers
  A draconian annihilator (Zot:2)
  A cacodemon (Depths:1)
  16 ironbound preservers
  3 draconian shifters
  4 draconian stormcallers
  10 ironbound thunderhulks
  2 formless jellyfish
  9 stone giants
  2 war gargoyles
  A juggernaut skeleton (Crypt:2)
  7 deep elf demonologists
  15 very ugly things
  13 vampire knights
  A lorocyproca (Zot:5)
  8 green draconians
  A bunyip (Lair:3)
  5 deep elf annihilators
  2 eleionomae (Swamp:3)
  7 purple draconians
  4 spark wasps
  The ghost of Caekett the Spear-Bearer, a journeyman GnRe of Gozag (D:13)
  7 red draconians
  11 yellow draconians
  7 black draconians
  5 dire elephants
  4 halazid warlocks (Desolation)
  Snorg (Orc:1)
  A blizzard demon (Depths:3)
  3 eidola
  9 white draconians
  2 crystal guardians (Desolation)
  11 ettins
  11 deep elf death magi
  10 fire dragons
  2 shambling mangroves (Swamp:4)
  6 entropy weavers
  6 ragged hierophants (Desolation)
  7 deep elf high priests
  7 jiangshi
  The ghost of Sphara the Carver, a journeyman MiVM of Cheibriados (D:11)
  6 great orbs of eyes
  7 servants of whispers (Desolation)
  2 rakshasas
  18 yaktaur captains
  3 peacekeepers (Desolation)
  A fenstrider witch zombie (Crypt:1)
  9 ice dragons
  6 ogre magi
  15 ironbound frosthearts
  35 vault guards
  Erolcha (D:11)
  A catoblepas (Lair:3)
  17 centaur warriors
  12 hydras
  3 spriggan air magi
  9 alligators
  An anaconda (shapeshifter) (Vaults:5)
  A ghost crab (Swamp:4)
  6 radroaches
  A death knight (Crypt:2)
  A hell beast (D:6)
  A sphinx skeleton (Depths:2)
  A spriggan skeleton (Crypt:1)
  13 two-headed ogres
  5 boulder beetles
  A two-headed ogre (shapeshifter) (Vaults:1)
  26 dancing weapons
  3 tengu warriors
  3 demonic crawlers
  8 deep troll earth magi
  6 vampire magi
  4 deep troll shamans
  7 hell knights (Depths:1)
  2 spriggan berserkers
  A titan zombie (Depths:2)
  5 orc high priests
  22 deep elf knights
  2 soul eaters (Crypt:1)
  2 sun demons (Depths:4)
  Amaemon (Lair:3)
  4 skysharks (Elf:1)
  10 iron trolls
  19 skeletal warriors (Crypt:2)
  4 pharaoh ants
  5 goliath frogs
  2 sun moths
  A spriggan simulacrum (Depths:4)
  30 deep trolls
  8 bog bodies
  4 spriggan druids
  5 steelbarb worms
  A tengu zombie (Vaults:4)
  19 deep elf archers
  4 flayed ghosts
  11 orb spiders
  11 ironbound convokers
  5 harpies (Vaults:1)
  An obsidian statue (D:14)
  An orange crystal statue (IceCv)
  15 swamp dragons
  8 wizards
  4 glowing orange brains
  A shadow dragon zombie (Crypt:1)
  10 necromancers
  15 phantasmal warriors
  A harpy (shapeshifter) (D:13)
  9 orc knights
  6 lindwurms
  A goliath frog zombie (Crypt:1)
  25 deep elf zephyrmancers
  A fire giant zombie (Depths:2)
  3 manticores
  7 orc sorcerers
  34 deep elf pyromancers
  51 ugly things
  A cyclops (shapeshifter) (Vaults:5)
  3 will-o-the-wisps
  A shadow dragon skeleton (Depths:3)
  2 centaur zombies
  4 cyclopes
  21 wolf spiders
  A frost giant zombie (Depths:2)
  15 moths of wrath
  2 human skeletons
  4 elephants (Lair:5)
  2 fire giant skeletons
  4 guardian serpents (Desolation)
  3 torpor snails
  20 vault sentinels
  4 molten gargoyles
  6 black mambas
  3 orange demons
  An eye of devastation (shapeshifter) (D:15)
  A rust devil (Zot:2)
  Maggie (Lair:2)
  A catoblepas zombie (Crypt:1)
  A gargoyle (D:10)
  17 cane toads
  A dire elephant skeleton (Crypt:2)
  20 rime drakes
  A white draconian zombie (Crypt:1)
  A storm dragon simulacrum (Vaults:4)
  2 unseen horrors
  An unseen horror zombie (Crypt:2)
  13 komodo dragons
  A komodo dragon (shapeshifter) (D:13)
  An ice devil (Zot:3)
  5 freezing wraiths
  An elephant slug zombie (Crypt:1)
  A tengu conjurer (Depths:4)
  27 yaktaurs
  A red devil (Depths:3)
  6 trolls
  2 tyrant leeches (Swamp:4)
  A wind drake (shapeshifter) (Vaults:1)
  A bloated husk (Swamp:2)
  10 hornets
  A meliai (D:12)
  13 polar bears
  44 saltlings (Desolation)
  A tengu simulacrum (Depths:4)
  A death drake zombie (Crypt:1)
  A tarantella (shapeshifter) (D:13)
  33 tarantellas
  13 blink frogs
  2 centaur simulacra
  38 jumping spiders
  5 flying skulls (Crypt:1)
  2 iron dragon simulacra (Depths:4)
  A black mamba zombie (Crypt:2)
  6 water elementals
  4 wyverns
  16 slime creatures
  A shadow (D:12)
  4 air elementals
  49 yaks
  9 spriggans
  Sigmund (D:2)
  An ettin skeleton (Crypt:2)
  A satyr skeleton (Crypt:2)
  31 culicivoras
  2 fire elementals (Elf:1)
  4 basilisks
  6 hogs (Elf:1)
  9 wraiths
  A ynoxinul (D:11)
  A human (Elf:1)
  A human (shapeshifter) (D:13)
  13 vampire mosquitoes
  A basilisk (shapeshifter) (Elf:3)
  A steam dragon (D:9)
  33 redbacks
  2 wargs (Orc:2)
  Menkaure (D:5)
  13 swamp worms
  4 glowing shapeshifter zombies
  A harpy simulacrum (Crypt:1)
  4 acid dragons
  17 water moccasins
  3 hell hounds (Lair:5)
  A floating eye (Depths:4)
  A cane toad skeleton (Crypt:2)
  9 swamp drakes
  50 orc warriors
  4 ice beasts (D:8)
  A human zombie (Vaults:3)
  An ice beast (shapeshifter) (Vaults:1)
  3 sky beasts
  4 black bears
  An ice dragon simulacrum (Crypt:1)
  5 ogres
  A swamp dragon skeleton (Crypt:1)
  6 wolves
  2 centaurs
  An elf simulacrum (Vaults:3)
  9 bullfrogs
  2 earth elementals
  A yaktaur zombie (Crypt:2)
  3 gnoll sergeants
  A necrophage (Crypt:1)
  2 scorpions
  A glowing shapeshifter simulacrum (Depths:4)
  9 wights
  A shapeshifter skeleton (Crypt:2)
  A troll zombie (Crypt:2)
  A swamp dragon simulacrum (Crypt:1)
  9 killer bees
  7 electric eels
  6 howler monkeys
  5 lava snakes (Lair:5)
  A basilisk zombie (Crypt:2)
  2 jellies
  28 orc priests
  2 hounds (D:6)
  A gnoll bouda (D:6)
  A sleepcap (D:4)
  27 orc wizards
  2 iguanas (D:5)
  4 hell rats (Lair:2)
  Natasha (twice) (D:2)
  A deep dwarf zombie (Crypt:2)
  A deep dwarf skeleton (Crypt:1)
  Robin (D:2)
  19 gnolls
  3 adders
  3 white imps
  2 worms (D:3)
  5 dart slugs
  102 orcs
  4 bats
  8 endoplasms
  6 giant cockroaches
  A gnoll zombie (Crypt:2)
  22 goblins
  17 hobgoblins
  4 quokkas
  A river rat zombie (Crypt:1)
  3 ball pythons
  A ball python zombie (Crypt:1)
  2 frilled lizards (D:1)
  10 kobolds
  8 rats
  A butterfly (Lair:5)
  A spectral weapon (Spider:1)
2110 creatures vanquished.

Vanquished Creatures (others)
  A spriggan air mage (Swamp:3)
  A deep elf knight (Vaults:2)
  A wizard (Vaults:2)
  A necromancer (Vaults:4)
  A moth of wrath (Zot:1)
  2 bloated husks
  2 saltlings (Desolation)
  A golden eye (shapeshifter) (Elf:2)
  An ogre (Vaults:5)
  An orc wizard (D:6)
  6 foxfires
18 creatures vanquished.

Grand Total: 2128 creatures vanquished

Notes
Turn   | Place    | Note
-------+----------+-------------------------------------------
     0 | D:1      | motkurizz the Spriggan Hunter began the quest for the Orb.
     0 | D:1      | Reached XP level 1. HP: 10/10 MP: 2/2
   334 | D:1      | Reached XP level 2. HP: 15/15 MP: 3/3
   527 | D:1      | Found a faded altar of an unknown god.
   943 | D:2      | Reached XP level 3. HP: 18/18 MP: 4/4
  1275 | D:2      | Noticed Robin
  1308 | D:2      | Killed Robin
  1437 | D:2      | Noticed Natasha
  1471 | D:2      | Found Zuocinupt's Distillery.
  1479 | D:2      | Bought a potion of curing for 42 gold pieces
  1487 | D:2      | Reached XP level 4. HP: 23/23 MP: 5/5
  1646 | D:2      | Noticed Sigmund
  1759 | D:3      | Found an opulent altar of Gozag.
  1763 | D:3      | Found a hide-covered altar of Uskayaw.
  2435 | D:2      | Bought a potion of heal wounds for 70 gold pieces
  2473 | D:4      | Noticed an ogre
  2565 | D:4      | Reached XP level 5. HP: 27/27 MP: 6/6
  2595 | D:4      | Killed an ogre
  2596 | D:4      | Reached skill level 5 in Ranged Weapons
  3146 | D:4      | Found a sparkling altar of Nemelex Xobeh.
  3146 | D:4      | Found a stormy altar of Qazlal.
  3146 | D:4      | Found a shimmering altar of Xom.
  3147 | D:4      | Found an ornate altar of the Wu Jian Council.
  3147 | D:4      | Found a shimmering blue altar of Sif Muna.
  3149 | D:4      | Found a burning altar of Makhleb.
  3150 | D:4      | Found a glowing silver altar of Zin.
  3395 | D:4      | Reached XP level 6. HP: 32/32 MP: 7/7
  3417 | D:5      | Entered Level 5 of the Dungeon
  3788 | D:5      | Found a sacrificial altar of Ru.
  3972 | D:5      | Reached skill level 5 in Dodging
  4128 | D:5      | Found Jawn's Assorted Antiques.
  4134 | D:5      | Bought a shiny bronze wand for 108 gold pieces
  4237 | D:5      | Reached skill level 1 in Evocations
  4296 | D:5      | Reached skill level 5 in Stealth
  4641 | D:5      | Reached XP level 7. HP: 36/36 MP: 8/8
  4811 | D:5      | Noticed Menkaure
  4817 | D:5      | Killed Menkaure
  4990 | D:5      | Found Wulo's Weapon Boutique.
  5253 | D:5      | Found Vuhomnam's Jewellery Boutique.
  5882 | D:6      | Noticed a yak
  5889 | D:6      | Noticed a yak
  6160 | D:6      | Learned a level 1 spell: Slow
  6512 | D:6      | Reached XP level 8. HP: 42/42 MP: 8/10
  6635 | D:6      | Reached skill level 1 in Spellcasting
  6635 | D:6      | Reached skill level 1 in Hexes
  7371 | D:6      | Reached skill level 5 in Fighting
  7434 | D:6      | Reached XP level 9. HP: 39/47 MP: 11/11
  7697 | D:7      | Found a flagged portal.
  7921 | D:7      | Found a transporter.
  7945 | Bailey   | Entered a bailey
  9324 | Bailey   | Noticed an orc knight
  9390 | Bailey   | Killed an orc knight
  9549 | D:7      | Found a transporter.
  9573 | D:7      | Found a white marble altar of Elyvilon.
  9597 | D:7      | Reached XP level 10. HP: 53/53 MP: 12/12
  9653 | D:7      | Identified the +0 robe of the Battered Violins {Str+2
                  | Int+5}
  9707 | D:7      | Found a staircase to the Ecumenical Temple.
  9720 | Temple   | Entered the Ecumenical Temple
  9748 | Temple   | Became a worshipper of Warmaster Okawaru
 10117 | D:8      | Reached skill level 10 in Ranged Weapons
 10382 | D:8      | Noticed a two-headed ogre
 10722 | D:8      | Reached * piety under Okawaru
 10993 | D:8      | Found a staircase to the Lair.
 11077 | D:8      | Killed a two-headed ogre
 11077 | D:8      | Reached ** piety under Okawaru
 11207 | D:8      | Reached skill level 10 in Dodging
 11310 | D:9      | Noticed a two-headed ogre
 11481 | D:9      | Killed a two-headed ogre
 11674 | D:9      | Reached XP level 11. HP: 60/60 MP: 13/13
 11871 | D:9      | Reached *** piety under Okawaru
 11982 | D:9      | Received a gift from Okawaru
 12260 | D:9      | Noticed a two-headed ogre
 12306 | D:9      | Killed a two-headed ogre
 12307 | D:9      | Reached XP level 12. HP: 65/65 MP: 14/14
 12495 | D:10     | Entered Level 10 of the Dungeon
 12770 | D:10     | Noticed a two-headed ogre
 12773 | D:10     | Killed a two-headed ogre
 12945 | D:10     | Reached skill level 1 in Invocations
 12972 | D:10     | Reached **** piety under Okawaru
 13494 | D:11     | Noticed a two-headed ogre
 13989 | D:11     | Found a runed translucent gate.
 14000 | D:11     | Found a runed translucent gate.
 14000 | D:11     | Found a runed translucent gate.
 14000 | D:11     | Noticed Sphara's ghost (journeyman MiVM)
 14051 | D:11     | Killed a two-headed ogre
 14099 | D:11     | Reached ***** piety under Okawaru
 14159 | D:11     | Noticed Gastronok
 14222 | D:11     | Noticed Erolcha
 14328 | Lair:1   | Entered Level 1 of the Lair of Beasts
 14406 | Lair:1   | Received a gift from Okawaru
 15723 | Lair:2   | Noticed Maggie
 15754 | Lair:2   | Killed Maggie
 15974 | Lair:2   | Reached XP level 13. HP: 51/71 MP: 17/17
 15995 | Lair:2   | Received a gift from Okawaru
 16049 | Lair:2   | Found a hole to the Spider Nest.
 16452 | Lair:2   | Reached skill level 15 in Ranged Weapons
 17360 | Lair:3   | Reached skill level 10 in Fighting
 17374 | Lair:3   | Noticed Amaemon
 18133 | Lair:3   | Killed Amaemon
 18341 | Lair:3   | Found a staircase to the Swamp.
 18779 | Lair:4   | Identified the +0 animal skin "Dokidy" {Will+} (Okawaru
                  | gifted it to you on level 4 of the Lair of Beasts)
 18779 | Lair:4   | Received a gift from Okawaru
 19138 | Lair:4   | Found a viscous altar of Jiyva.
 19138 | Lair:4   | Found a staircase to the Slime Pits.
 19501 | Lair:5   | Entered Level 5 of the Lair of Beasts
 19511 | Lair:5   | Identified the +0 plate armour of Huumax {-Tele Harm rPois
                  | Will++}
 19659 | Lair:5   | Reached skill level 15 in Dodging
 20880 | D:5      | Bought the ring of Harmony {rElec rF+ rC+ Int+2 Slay+3} for
                  | 690 gold pieces
 21188 | Lair:5   | Found a large runed translucent door.
 21246 | Lair:5   | Reached XP level 14. HP: 79/79 MP: 18/18
 21421 | Lair:5   | Found a large runed translucent door.
 22266 | D:11     | Killed Erolcha
 22468 | D:11     | Killed Gastronok
 22468 | D:11     | Reached ****** piety under Okawaru
 22502 | D:11     | Identified the +2 scale mail of the Sun {rC- Will++ Int+8}
 22507 | D:11     | Identified the +0 plate armour of Inevitability {rPois
                  | Str+5 Int+2 Dex-2}
 22617 | D:11     | Found a sacrificial altar of Ru.
 22798 | D:12     | Found Feffer's Assorted Antiques.
 22804 | D:12     | Found a hide-covered altar of Uskayaw.
 22894 | D:12     | Found a staircase to the Orcish Mines.
 23550 | D:12     | Received a gift from Okawaru
 23553 | D:12     | Noticed a vampire knight
 23628 | Orc:1    | Entered Level 1 of the Orcish Mines
 24284 | Orc:1    | Reached skill level 5 in Invocations
 24315 | Orc:2    | Entered Level 2 of the Orcish Mines
 24471 | Orc:2    | Found a staircase to the Elven Halls.
 24528 | Orc:2    | Received a gift from Okawaru
 24531 | Orc:2    | Noticed Snorg
 24550 | Orc:1    | Killed Snorg
 24712 | Orc:2    | Noticed an orc warlord
 24739 | Orc:2    | Killed an orc warlord
 25092 | Orc:2    | Found Buuleok's General Store.
 25093 | Orc:2    | Found Ryhomy's Book Shop.
 25094 | Orc:2    | Found Izuam's Antique Armour Shop.
 25094 | Orc:2    | Found Kecvunas's Antique Weapon Boutique.
 25123 | Orc:2    | Bought a warped arbalest for 294 gold pieces
 25123 | Orc:2    | Identified the +3 arbalest of Defiance {flame, rN+ Int+3}
                  | (You bought it in a shop on level 2 of the Orcish Mines)
 25176 | Orc:2    | Bought a scroll of blinking for 97 gold pieces
 25224 | Orc:2    | Found Xadet's Self-Improvement Boutique.
 25447 | D:12     | Killed a vampire knight
 25470 | D:12     | Identified the +6 great mace of Amorality {venom, rCorr
                  | Str+4 Int-2}
 25470 | D:12     | Noticed a fire giant
 25523 | D:12     | Killed a fire giant
 25524 | D:12     | Reached XP level 15. HP: 65/85 MP: 20/20
 26036 | D:13     | Found a runed translucent gate.
 26036 | D:13     | Found a runed translucent gate.
 26037 | D:13     | Found a runed translucent gate.
 26042 | D:13     | Noticed Caekett's ghost (journeyman GnRe)
 26126 | D:13     | Received a gift from Okawaru
 26195 | D:13     | Found a runed translucent door.
 26196 | D:13     | Found a runed translucent door.
 26459 | D:13     | Identified the staff "Qianeidgh" {rC+ Int+2 Earth}
 26589 | D:13     | Found a gate to the Vaults.
 26757 | D:13     | Noticed Frances
 26863 | D:13     | Killed Frances
 26863 | D:13     | Identified the +0 cloak of Sloth {Int+3 Slay+3} (Okawaru
                  | gifted it to you on level 13 of the Dungeon)
 26863 | D:13     | Received a gift from Okawaru
 27197 | D:13     | Killed Caekett's ghost
 27379 | D:14     | Found a runed translucent door.
 27506 | D:14     | Found a runed translucent door.
 27519 | D:14     | Found a runed translucent door.
 27533 | D:14     | Found a runed translucent door.
 27550 | D:14     | Noticed Agnes
 28376 | D:11     | Killed Sphara's ghost
 28379 | D:11     | Reached skill level 5 in Evocations
 28613 | Elf:1    | Entered Level 1 of the Elven Halls
 28994 | Elf:1    | Identified the +1 robe of Afolik {Str+6 Int+2 Stlth-}
                  | (Okawaru gifted it to you on level 1 of the Elven Halls)
 28994 | Elf:1    | Received a gift from Okawaru
 29051 | Elf:1    | Reached XP level 16. HP: 91/91 MP: 22/22
 29690 | Elf:1    | Noticed Norris
 29821 | Elf:1    | Killed Norris
 29899 | Elf:1    | Noticed Kirke
 29904 | Elf:1    | Killed Kirke
 29905 | Elf:1    | Reached skill level 10 in Stealth
 30693 | D:5      | Bought the ring "Samihey" {Contam rPois rCorr EV+5} for 519
                  | gold pieces
 30837 | Spider:1 | Entered Level 1 of the Spider Nest
 31113 | Spider:1 | Noticed Asterion
 31129 | Spider:1 | Killed Asterion
 31134 | Spider:1 | Identified the +1 shortbow of the Sun {antimagic, Drain
                  | Will+ Str+4} (Okawaru gifted it to you on level 1 of the
                  | Spider Nest)
 31134 | Spider:1 | Received a gift from Okawaru
 31335 | Spider:1 | Noticed Nikola
 31352 | Spider:1 | Killed Nikola
 32233 | Spider:2 | You fall into a shaft and drop 1 floor!
 33125 | Spider:3 | Identified the +1 hand crossbow of the Crawling Thing
                  | {speed, rN+} (Okawaru gifted it to you on level 3 of the
                  | Spider Nest)
 33125 | Spider:3 | Received a gift from Okawaru
 33220 | Spider:3 | Reached skill level 1 in Shields
 33230 | Spider:3 | Reached XP level 17. HP: 98/98 MP: 24/24
 33535 | Spider:2 | Reached skill level 15 in Fighting
 33649 | Spider:2 | Received a gift from Okawaru
 33954 | Spider:4 | Entered Level 4 of the Spider Nest
 33956 | Spider:4 | Noticed Louise
 34029 | Spider:4 | Killed Louise
 34069 | Spider:4 | Noticed Arachne
 34099 | Spider:3 | Killed Arachne
 34415 | Spider:4 | Reached skill level 5 in Shields
 34428 | Spider:4 | Reached skill level 1 in Shapeshifting
 34776 | Spider:4 | Reached skill level 5 in Shapeshifting
 35298 | Spider:4 | Got a gossamer rune of Zot
 35299 | Spider:4 | Identified the +0 hat "Nefan" {Rampage Str-3 Int+3 Slay+2}
 35608 | Swamp:1  | Entered Level 1 of the Swamp
 35630 | Lair:3   | Received a gift from Okawaru
 35715 | Swamp:1  | Found a frozen archway.
 35760 | IceCv    | Entered an ice cave
 35907 | IceCv    | Reached skill level 10 in Shapeshifting
 36023 | IceCv    | Received a gift from Okawaru
 36073 | IceCv    | Reached XP level 18. HP: 104/104 MP: 25/25
 36308 | IceCv    | Noticed a shard shrike
 36329 | IceCv    | Killed a shard shrike
 36345 | IceCv    | Identified the scarf of Slovenliness {repulsion, rPois
                  | Str-3 Dex+7} (Okawaru gifted it to you in an ice cave)
 36345 | IceCv    | Received a gift from Okawaru
 37781 | Swamp:3  | Noticed Donald
 37787 | Swamp:3  | Killed Donald
 38443 | Swamp:4  | Entered Level 4 of the Swamp
 38600 | Swamp:4  | Identified 3 scrolls of acquirement
 38611 | Swamp:4  | Acquired a +2 hand crossbow of flaming
 38612 | Swamp:4  | Acquired the +3 warlock's mirror {omnireflect}
 38612 | Swamp:4  | Found the +3 warlock's mirror {omnireflect}
 38613 | Swamp:4  | Acquired a manual of Evocations
 38730 | Swamp:4  | Reached skill level 15 in Shapeshifting
 39184 | Swamp:4  | Got a decaying rune of Zot
 39232 | Swamp:4  | Identified the +3 buckler of Niots {Str+3} (Okawaru gifted
                  | it to you on level 4 of the Swamp)
 39232 | Swamp:4  | Received a gift from Okawaru
 39773 | Elf:2    | Found Buddar's Antique Armour Shoppe.
 39864 | Elf:2    | Reached XP level 19. HP: 108/108 MP: 26/26
 39930 | Elf:2    | Reached skill level 10 in Evocations
 39959 | Elf:2    | Found a runed translucent gate.
 39960 | Elf:2    | Found a runed translucent gate.
 39960 | Elf:2    | Found a runed translucent gate.
 40081 | Elf:3    | Entered Level 3 of the Elven Halls
 40259 | Elf:3    | Found Usootol's Armour Boutique.
 40261 | Elf:3    | Found Ywypni Gekh's Jewellery Shop.
 40265 | Elf:3    | Found Vepasoac's Jewellery Boutique.
 40535 | Elf:3    | Noticed a Tzitzimitl
 41062 | Elf:3    | Identified the +6 arbalest "Deetaohu" {elec, rC++ rCorr
                  | Int-5 Stlth+} (Okawaru gifted it to you on level 3 of the
                  | Elven Halls)
 41062 | Elf:3    | Received a gift from Okawaru
 41113 | Elf:3    | Identified the +6 great sword of Qal Xude {protect, *Slow
                  | Str+3 Dex+4}
 41318 | Elf:3    | Got Sif Muna's Quarto of the Weathered Salamander
 41321 | Elf:3    | Identified the +1 halberd "Jivor" {heavy, +Blink rC+ rCorr
                  | Int-5}
 41374 | Elf:3    | Got the Compilation of Spicy Sculpting
 41417 | Elf:3    | Found the +4 skin of Zhor {*Englaciate rC+++ SInv}
 41429 | Elf:3    | Identified the staff of Forgiveness {Drain rElec rN+ Int+6
                  | SInv Necro}
 42038 | Elf:2    | Received a gift from Okawaru
 42480 | Vaults:1 | Entered Level 1 of the Vaults
 42622 | Vaults:1 | Found a crumbling gateway.
 42637 | Desolati | Entered the Desolation of Salt
 42721 | Desolati | Reached XP level 20. HP: 116/116 MP: 28/28
 42847 | Desolati | Identified the amulet of Xihuarel {Spirit rElec}
 42886 | Desolati | Identified the +1 robe of Ru, Uplifting {rF+ Str+3 Int+2}
 42914 | Desolati | Reached skill level 10 in Invocations
 43004 | Desolati | Identified the ring of Okawaru's Reproof {Fly rF+ rCorr
                  | Int-5}
 43084 | Desolati | Identified the ring "Irphylae" {rN+ Int+6}
 43087 | Desolati | Identified the +9 flail of Ascent {drain, *Rage rF+ rCorr
                  | Str+2}
 43140 | Desolati | Identified the +2 demon blade "Viodau" {vamp, Str+2 Stlth+}
 43249 | Desolati | Got the Octavo of Congelation
 43250 | Desolati | Identified the +7 orcbow of Veoloisk {heavy, rN+}
 43254 | Desolati | Got the Incunabulum of the Weird Commander
 43280 | Desolati | Identified the +1 leather armour of the Moon {rPois Will+}
 43591 | Vaults:1 | Identified the scarf of Pessimism {+Inv, rF+ rN+ Int+2
                  | Dex+3} (Okawaru gifted it to you on level 1 of the Vaults)
 43591 | Vaults:1 | Received a gift from Okawaru
 44734 | Vaults:1 | Identified the +10 great sword of Chagrin {flame, +Blink
                  | rCorr Str+2}
 44776 | Vaults:2 | Found a staircase to the Crypt.
 45031 | Vaults:2 | Noticed Zenata
 45043 | Vaults:2 | Killed Zenata
 45347 | Vaults:2 | Found Abeis's General Store.
 45439 | Vaults:2 | Identified the +4 cloak of Trumpets {Int+5 Stlth+} (Okawaru
                  | gifted it to you on level 2 of the Vaults)
 45439 | Vaults:2 | Received a gift from Okawaru
 45589 | Vaults:2 | Reached skill level 15 in Stealth
 46167 | Vaults:3 | Reached XP level 21. HP: 122/122 MP: 29/29
 47635 | Vaults:4 | Identified the +0 hat of Okawaru's Indignation {rElec rF+
                  | rC+++ Str-5} (Okawaru gifted it to you on level 4 of the
                  | Vaults)
 47635 | Vaults:4 | Received a gift from Okawaru
 47669 | Vaults:4 | Noticed Xtahua
 47685 | Vaults:4 | Killed Xtahua
 48024 | Vaults:4 | Found Dopyxead's Antique Weapon Shoppe.
 48403 | D:15     | Entered Level 15 of the Dungeon
 48548 | D:15     | Found a staircase to the Depths.
 48606 | D:15     | Noticed Rupert
 48610 | D:15     | Killed Rupert
 48696 | D:15     | Found Gunutryug's Armour Shop.
 49012 | Depths:1 | Entered Level 1 of the Depths
 49090 | Depths:1 | Found a one-way gate to the infinite horrors of the Abyss.
 49293 | Depths:1 | Reached skill level 15 in Evocations
 49514 | Depths:1 | Found a gateway to Hell.
 49529 | Depths:1 | Found an iron altar of Okawaru.
 50245 | Depths:2 | Found a one-way gateway to a ziggurat.
 50245 | Depths:2 | Noticed a dread lich
 50245 | Depths:2 | Noticed an ancient lich
 50625 | Depths:3 | Noticed a caustic shrike
 50641 | Depths:3 | Killed a caustic shrike
 50641 | Depths:3 | Identified the +0 robe "Gylad" {Str+2 Int+5} (Okawaru
                  | gifted it to you on level 3 of the Depths)
 50641 | Depths:3 | Received a gift from Okawaru
 50642 | Depths:3 | Reached XP level 22. HP: 127/129 MP: 31/31
 51019 | Depths:3 | Found a one-way gate leading to the halls of Pandemonium.
 51372 | Depths:4 | Entered Level 4 of the Depths
 51393 | Depths:4 | Identified the ring "Lyetanem" {Ice rN+ Will+}
 51393 | Depths:4 | Noticed Josephina
 51399 | Depths:4 | Killed Josephina
 51413 | Depths:4 | Noticed Grunn
 51435 | Depths:4 | Killed Grunn
 51806 | Depths:4 | Noticed a golden dragon
 51824 | Depths:4 | Killed a golden dragon
 51885 | Depths:4 | Found a gate to the Realm of Zot.
 51914 | Depths:4 | Found a gateway to a bazaar.
 51946 | Bazaar   | Entered a bazaar
 51946 | Bazaar   | Found Puzygewk's General Store.
 51946 | Bazaar   | Found Jisk's Distillery.
 51946 | Bazaar   | Found Lenoptau's Antique Weapon Shop.
 51946 | Bazaar   | Found Bulono's Armour Shop.
 51946 | Bazaar   | Found Ucuttic's General Store.
 51960 | Bazaar   | Bought the amulet "Sutzinen" {Faith Str+2 Int+4 Dex+4} for
                  | 612 gold pieces
 51981 | Bazaar   | Bought a scroll of silence for 85 gold pieces
 51985 | Bazaar   | Bought a potion of curing for 39 gold pieces
 51985 | Bazaar   | Bought a potion of heal wounds for 65 gold pieces
 51985 | Bazaar   | Bought a potion of mutation for 104 gold pieces
 51985 | Bazaar   | Bought a potion of curing for 39 gold pieces
 51985 | Bazaar   | Bought 2 potions of heal wounds for 130 gold pieces
 51985 | Bazaar   | Bought a potion of curing for 39 gold pieces
 51995 | Bazaar   | Bought a potion of curing for 36 gold pieces
 52014 | Depths:4 | Received a gift from Okawaru
 52266 | Orc:2    | Bought a manual of Stealth for 1200 gold pieces
 52840 | Depths:4 | Found a sparkling altar of Nemelex Xobeh.
 52842 | Depths:4 | Noticed Parghit
 52912 | Depths:4 | Killed Parghit
 53455 | Depths:4 | Identified the staff "Vabouth" {rN+ Str+5 Necro}
 53738 | Crypt:1  | Entered Level 1 of the Crypt
 53770 | Crypt:1  | Noticed Sojobo
 53781 | Crypt:1  | Killed Sojobo
 53908 | Crypt:1  | Received a gift from Okawaru
 54296 | Crypt:1  | Identified the +0 robe "Xirphaol" {Str+9} (Okawaru gifted
                  | it to you on level 1 of the Crypt)
 54296 | Crypt:1  | Received a gift from Okawaru
 54987 | Crypt:2  | Reached XP level 23. HP: 135/135 MP: 33/33
 55836 | Vaults:5 | Entered Level 5 of the Vaults
 55849 | Vaults:5 | Noticed Jory
 55874 | Vaults:5 | Killed Jory
 55906 | Vaults:5 | Received a gift from Okawaru
 56014 | Vaults:5 | Noticed a dread lich
 56024 | Vaults:5 | Killed a dread lich
 56066 | Vaults:5 | Received a gift from Okawaru
 56107 | Vaults:5 | Identified the ring of Ciurph {rF+ rC+++ rCorr Int-4 SInv}
 56418 | Vaults:5 | Identified the +2 robe of Shielding {Int+3} (Okawaru gifted
                  | it to you on level 5 of the Vaults)
 56418 | Vaults:5 | Received a gift from Okawaru
 56599 | Vaults:5 | Identified the +7 dagger of the Crypt {antimagic, rN+ SInv}
 56599 | Vaults:5 | Identified the +4 scale mail of Summer {Drain rF+ rC++
                  | Will+ Str+3}
 56664 | Vaults:5 | Got the Omnibus of Sophism
 56724 | Vaults:5 | Got a silver rune of Zot
 56725 | Vaults:5 | Identified the +1 pair of gloves of Integrity {Slay+2}
 56790 | Vaults:5 | Identified the staff "Wokybep" {rF+ Will+ Fire}
 57779 | Zot:1    | Entered Level 1 of the Realm of Zot
 57941 | Zot:1    | Reached XP level 24. HP: 143/143 MP: 33/33
 57996 | Zot:1    | Found a runed translucent door.
 57996 | Zot:1    | Noticed Juzit's ghost (legendary GnFi)
 59243 | Zot:2    | Found a runed translucent gate.
 59243 | Zot:2    | Found a runed translucent gate.
 59243 | Zot:2    | Found a runed translucent gate.
 59253 | Zot:2    | Noticed Sofait's ghost (legendary GnFE)
 59522 | Zot:2    | Identified the +3 buckler of Pathos {-Tele Harm rElec
                  | rCorr} (Okawaru gifted it to you on level 2 of the Realm of
                  | Zot)
 59522 | Zot:2    | Received a gift from Okawaru
 59867 | Zot:2    | Found a transporter.
 59909 | Zot:2    | Identified the +3 rapier of Death {freeze, Int+4}
 60073 | Zot:2    | Found a transporter.
 60969 | Zot:5    | Entered Level 5 of the Realm of Zot
 61381 | Zot:4    | Found the +4 dragonskin cloak
 61381 | Zot:4    | Identified the ring "Giadgh" {rF+ rC+ rCorr Str+3 SInv}
 61381 | Zot:4    | Noticed Tiamat
 61386 | Zot:4    | Received a gift from Okawaru
 61412 | Zot:4    | Killed Tiamat
 61486 | Zot:4    | Got the Catalogue of Overhead Vitiation
 61992 | Zot:4    | Reached XP level 25. HP: 150/150 MP: 34/34
 62610 | D:2      | Bought 2 potions of haste for 280 gold pieces
 62610 | D:2      | Bought a potion of heal wounds for 70 gold pieces
 62610 | D:2      | Bought a potion of mutation for 112 gold pieces
 62610 | D:2      | Bought a potion of magic for 112 gold pieces
 62610 | D:2      | Bought a potion of invisibility for 112 gold pieces
 62626 | D:2      | Killed Natasha
 62785 | D:2      | Killed Sigmund
 63110 | D:12     | Bought a potion of curing for 87 gold pieces
 63110 | D:12     | Bought a scroll of blinking for 217 gold pieces
 63110 | D:12     | Bought a potion of mutation for 232 gold pieces
 63564 | Zot:5    | Identified the +1 buckler "Luse Mie" {MP+9 Int+3 Dex+2}
                  | (Okawaru gifted it to you on level 5 of the Realm of Zot)
 63564 | Zot:5    | Received a gift from Okawaru
 64424 | Zot:5    | Noticed a Killer Klown
 64440 | Zot:5    | Killed a Killer Klown
 64442 | Zot:5    | Noticed a dread lich
 64444 | Zot:5    | Noticed a dread lich
 64461 | Zot:5    | Killed a dread lich
 64463 | Zot:5    | Noticed a dread lich
 64476 | Zot:5    | Killed a dread lich
 64482 | Zot:5    | Killed a dread lich
 64689 | Zot:5    | Noticed a Killer Klown
 64731 | Zot:5    | Noticed a Killer Klown
 64739 | Zot:5    | Killed a Killer Klown
 64927 | Zot:5    | Noticed an orb of fire
 64939 | Zot:5    | Killed an orb of fire
 64940 | Zot:5    | Reached skill level 15 in Invocations
 64946 | Zot:5    | Noticed a Killer Klown
 64952 | Zot:5    | Killed a Killer Klown
 64967 | Zot:5    | Noticed an orb of fire
 64969 | Zot:5    | Gained mutation: You are frail. (-10% HP) [an orb of fire]
 64973 | Zot:5    | Noticed a dread lich
 64980 | Zot:5    | Noticed an ancient lich
 64987 | Zot:5    | Gained mutation: Your body sometimes deteriorates upon
                  | taking damage. [an orb of fire]
 64990 | Zot:5    | Killed an orb of fire
 64998 | Zot:5    | Noticed a Killer Klown
 64999 | Zot:5    | Killed an ancient lich
 65004 | Zot:5    | Killed a dread lich
 65017 | Zot:5    | Killed a Killer Klown
 65041 | Zot:5    | Killed a Killer Klown
 65242 | Zot:5    | Noticed an ancient lich
 65248 | Zot:5    | Killed an ancient lich
 65248 | Zot:5    | Identified the +4 robe of the Dungeon {rPois rC- Str+4}
                  | (Okawaru gifted it to you on level 5 of the Realm of Zot)
 65248 | Zot:5    | Received a gift from Okawaru
 65270 | Zot:5    | Identified the +6 spear of Mandamus {heavy, Int+3}
 65384 | Zot:5    | Noticed an orb of fire
 65398 | Zot:5    | Killed an orb of fire
 65735 | Zot:5    | Got the Orb of Zot
 66368 | D:2      | Noticed Natasha
 66370 | D:2      | Killed Natasha
 66433 | D:$      | Escaped with the Orb!

Illustrated notes

Levels and vault maps discovered:
D:1:      minmay_arrival_floating_metal, layout_rooms,
          chequers_ecumenical_altar_lobes, hangedman_decor_push
D:2:      layout_loops_cross, serial_shops, nicolae_shop_hallway_stairs,
          kennysheep_generic_room_8, uniq_natasha, uniq_robin, uniq_sigmund
D:3:      layout_rooms, nicolae_overflow_squiral, st_stairs_1
D:4:      layout_basic, minitemple
D:5:      corexii_shantytown, layout_basic, mainiacjoe_overflow_boulevard,
          serial_shops, shop, nicolae_shop_bloodbath_and_beyond,
          nicolae_shop_window_shopping, uniq_menkaure
D:6:      layout_loops_ring, nicolae_twisty_statue_hallways
D:7:      gammafunk_steamed_eel, layout_rooms, mainiacjoe_overflow_catwalk,
          minmay_temple_entry_mist, enter_bailey_3, minmay_misc_feat_diagonals
D:8:      layout_gridville, hellmonk_lair_entry_icy
D:9:      layout_irregular_city
D:10:     nicolae_cairo_tiling_large_dashed, layout_basic, minivault_4
D:11:     layout_roguey, biasface_ghost_orc_armoury,
          nicolae_ru_the_path_less_chosen, uniq_gastronok, uniq_erolcha
D:12:     thingy_vault, layout_basic, minmay_orc_entry_temple_small,
          serial_shops, shop, nicolae_concentric_dashed_squares_mild,
          dancing_weapons_uskayaw
D:13:     minmay_the_grid_triangle_9x9_line_8_mashed
          [minmay_the_grid_triangle_9x9_descending_squares,
          minmay_the_grid_triangle_9x9_sprig,
          minmay_the_grid_triangle_9x9_tough_junction,
          minmay_the_grid_triangle_9x9_flanged_cone,
          minmay_the_grid_triangle_9x9_minimal,
          minmay_the_grid_triangle_9x9_odd_lines,
          minmay_the_grid_triangle_9x9_empty,
          minmay_the_grid_triangle_9x9_prize_top_heavy], layout_loops_ring,
          erik_vaults_2, gammafunk_ghost_spectres, uniq_frances
D:14:     layout_long_grid, minmay_statue_crystal_thing, uniq_agnes
D:15:     gammafunk_enter_depths_forms, layout_rooms, serial_shops, shop,
          minivault_23, uniq_rupert
Temple:   grunt_temple_mini_profane
Lair:1:   layout_regular_city, beast_lair_carwin_6
Lair:2:   layout_loops_ring, nicolae_spider_entry_tight_spaces,
          infiniplex_staircase_pool, uniq_maggie
Lair:3:   layout_cave_pods, minmay_swamp_entry_swarm, minivault_27, uniq_amaemon
Lair:4:   layout_cave_pods, slime_entry_1
Lair:5:   cheibrodos_lair_end_hotspot, layout_gridlike, lemuel_fruit_fields
Swamp:1:  nicolae_swamp_ascending_descending_big, layout_falls_marsh,
          portal_ice_cave_entry_ugly_swarm, evilmike_swamp_ruin_house_5,
          swamp_pool3, st_swamp_mini
Swamp:2:  layout_falls_marsh, evilmike_swamp_ruin_house_3
Swamp:3:  layout_basic_swamp, infiniplex_staircase_pool_2, swamp_pool3,
          uniq_donald
Swamp:4:  swamp_alternative, layout_basic_swamp, swamp_pool5
Spider:1: layout_spider_delve, uniq_asterion, uniq_nikola
Spider:2: layout_spider_delve
Spider:3: layout_spider_delve
Spider:4: hellmonk_spider_rune_endless_swarm, uniq_arachne, uniq_louise
Orc:1:    layout_caves
Orc:2:    st_orc_congregation, layout_caves, basic_altar,
          nicolae_shop_self_help, uniq_snorg
Elf:1:    layout_gridlike, minmay_elf_crystal_hexagon, uniq_kirke, uniq_norris
Elf:2:    nicolae_elf_blades_crystal_corner, layout_geoelf_grid, serial_shops,
          shop
Elf:3:    elf_hall, layout_geoelf_grid, minmay_shop_star
Vaults:1: portal_desolation_entry_nicolae_slug,
          nicolae_vaults_network_quinsquares
          [nicolae_vaults_network_quincunx_subvault,
          nicolae_vaults_network_quincunx_subvault,
          nicolae_vaults_network_quincunx_subvault,
          nicolae_vaults_network_quincunx_subvault],
          nicolae_vaults_tetromino_L_2, nicolae_vaults_trapezoid_lopsided_2,
          nicolae_vaults_heart-shaped_vault, vaults_dpeg_emergency_exit,
          grunt_vaults_hallway_long, v_misc_24, vaults_room_hallway,
          hangedman_vaults_hard_town_square, nicolae_vaults_more_shelving_1,
          grunt_vaults_twisty, nicolae_vaults_weapon_check,
          nicolae_vaults_tangram_1, layout_vaults_omnicross
Vaults:2: nicolae_vaults_theta, ontoclasm_vaults_ring_square,
          ontoclasm_vaults_ligature, nicolae_vaults_cochlea,
          vaults_room_large_hall, nicolae_vaults_trapezoid_3,
          nicolae_vaults_specimen_jars, vaults_room_pools,
          nicolae_vaults_heart-shaped_vault, nicolae_vaults_tangram_2,
          layout_vaults_omnigrid, serial_shops, shop, uniq_zenata
Vaults:3: nicolae_vaults_offset_grid_hallway_4, nicolae_vaults_triangles,
          v_misc_2, v_rooms_4, nicolae_vaults_little_squares_3,
          ontoclasm_vaults_hangar, hangedman_vaults_stagger,
          ontoclasm_vaults_bender, v_pattern_4, nicolae_vaults_little_squares_6,
          v_rooms_4, vaults_mumra_chevron, vaults_room_pool,
          layout_vaults_maze_bifur
Vaults:4: vaults_room_semicircle, nicolae_vaults_hallways_thing,
          nicolae_vaults_mini_display_case, hangedman_vaults_nodes,
          grunt_vaults_trifunnel, ontoclasm_vaults_shuriken,
          nicolae_vaults_storage_room_water, nicolae_vaults_closet_pinwheel_4,
          layout_vaults_big_room, serial_shops, nicolae_shop_advertising_works
          [nicolae_subvault_shop_adworks], uniq_xtahua
Vaults:5: uniq_jory
Crypt:1:  layout_regular_city, grunt_megastairs_5, uniq_sojobo
Crypt:2:  layout_rooms, grunt_megastairs_3
Depths:1: layout_cave_shapes, minmay_misc_feat_alley, abyss_entry, hell_entry,
          serial_bayou_lagoon_a, st_stairs_12, okawaru_gym_becter
Depths:2: kennysheep_four_of_diamonds, layout_cave_pools, enter_ziggurat_d,
          pf_dread_powers_of_hell, grunt_pan_entry_spiral,
          chequers_serial_rivers_small_a
Depths:3: minmay_distorted_concentric_squares, layout_cave_pools,
          abyss_entry_crystal, grunt_pan_entry_sceptre, hell_entry
Depths:4: grunt_crosshair, layout_gridville, nemelex_xobeh_ov_fountains_minmay,
          abyss_entry_glasseish, serial_shops, bzr_entry_lakeside,
          lightli_too_deep, uniq_josephina, uniq_grunn, uniq_parghit
Zot:1:    layout_cellular_growth, hellmonk_ghost_happy_afterlife, st_stairs_9
Zot:2:    layout_onion, gammafunk_ghost_necromancy, st_single_dragon_hoard_3,
          nicolae_diode_stairs
Zot:3:    layout_cellular_growth
Zot:4:    layout_basic, st_grand_hoard_of_tiamat, lemuel_elevator
Zot:5:    layout_gridlike

Skill      XL: |  1  2  3  4  5  6  7  8  9 10 11 12 13 14 15 16 17 18 19 20 21 22 23 24 25 |
---------------+----------------------------------------------------------------------------+-----
Stealth        | 2 3 4 5 6 9 10 13 15 17 19 22 | 22.0
Dodging        | 3 4 5 6 7 8 11 12 13 15 17 19 20 21 22 | 22.0
Fighting       | 2 3 4 5 6 8 9 11 12 13 14 15 16 17 18 19 20 21 22 | 22.0
Ranged Weapons | 5 6 8 9 12 13 14 16 17 18 19 20 21 22 | 22.0
Evocations     | 1 3 5 7 9 10 12 15 16 | 16.0
Spellcasting   | 1 |  1.0
Hexes          | 3 |  3.0
Invocations    | 4 6 7 8 9 10 12 13 14 16 | 16.4
Shields        | 1 5 6 |  6.5
Shapeshifting  | 10 15 16 17 18 20 | 20.6

Action                     |  1- 3 |  4- 6 |  7- 9 | 10-12 | 13-15 | 16-18 | 19-21 | 22-24 | 25-27 || total
---------------------------+-------+-------+-------+-------+-------+-------+-------+-------+-------++-------
  Melee: Hand crossbow     |       |       |       |       |       |     1 |       |       |       ||     1
   Fire: Shortbow          |    96 |   223 |   371 |       |       |       |       |       |       ||   690
         Arbalest          |       |       |    87 |   355 |  1305 |   400 |       |       |       ||  2147
         Orcbow            |       |       |       |    42 |       |       |       |       |       ||    42
         Hand crossbow     |       |       |       |       |       |  1265 |  1872 |  2229 |   417 ||  5783
  Throw: Dart              |       |       |       |       |     6 |       |       |       |       ||     6
         Throwing net      |       |       |       |       |     1 |       |       |       |       ||     1
 Invoke: Heroism           |       |       |       |       |       |     3 |     6 |    11 |     5 ||    25
         Finesse           |       |       |       |       |       |     1 |     3 |     6 |     4 ||    14
  Evoke: Wand              |       |       |     4 |     6 |     9 |     9 |     6 |     4 |       ||    38
         Lightning rod     |       |       |       |       |       |       |     3 |     8 |     2 ||    13
         Tin of tremorston |       |       |       |       |       |       |     4 |     4 |       ||     8
    Use: Scroll            |     1 |     4 |     2 |     3 |    17 |    14 |     5 |    14 |    10 ||    70
         Potion            |       |       |       |     2 |     1 |    11 |     3 |    14 |     4 ||    35
 Armour: Animal skin       |       |     3 |     4 |       |       |       |       |       |       ||     7
         Robe              |       |       |       |     7 |       |     3 |       |       |       ||    10
         Steam dragon scal |       |       |       |       |    24 |    28 |       |       |       ||    52
         Skin              |       |       |       |       |       |     4 |   115 |   212 |    45 ||   376
  Dodge: Dodged            |     5 |    23 |    96 |   104 |   573 |   780 |  1398 |  2795 |   364 ||  6138
         Repelled          |       |       |       |       |       |       |     4 |    16 |     2 ||    22
  Block: Other             |       |     8 |    31 |    13 |       |       |       |       |       ||    52
         Reflection        |       |     3 |     7 |       |       |    23 |   149 |    90 |     8 ||   280
         Buckler           |       |       |       |       |       |   209 |  1158 |  1287 |   141 ||  2795
   Form: Statue            |       |       |       |       |       |     1 |     1 |       |       ||     2
                           |       |       |       |       |       |       |     1 |       |     1 ||     2

Table legend: (Time is in decaauts)
 A = Elapsed time spent in this place.
 B = Non-inter-level travel time spent in this place.
 C = Inter-level travel time spent in this place.
 D = Time resting spent in this place.
 E = Time spent auto-exploring this place.
 F = Levels seen in this place.
 G = Mean time per level.
                   A        B        C        D        E       F      G
               +--------+--------+--------+--------+--------+-----+--------+
         Total |  70606 |  61967 |   8639 |   8201 |  34252 |  54 | 1307.5 |
       Dungeon |  16922 |  13351 |   3571 |   2133 |   5933 |  15 | 1128.1 |
        Temple |     34 |      8 |     26 |      0 |      0 |   1 |   34.0 |
          Lair |   5781 |   5129 |    652 |   1132 |   2395 |   5 | 1156.2 |
         Swamp |   2644 |   2348 |    296 |    209 |   1471 |   4 |  661.0 |
   Spider Nest |   3724 |   3584 |    140 |    188 |   2385 |   4 |  931.0 |
  Orcish Mines |   1712 |   1421 |    291 |    196 |    666 |   2 |  856.0 |
   Elven Halls |   5656 |   5297 |    359 |   1459 |   2396 |   3 | 1885.3 |
        Vaults |  10462 |   9666 |    796 |    132 |   7215 |   5 | 2092.4 |
         Crypt |   2944 |   2732 |    212 |    160 |   1871 |   2 | 1472.0 |
        Depths |   7310 |   5748 |   1562 |    326 |   4253 |   4 | 1827.5 |
           Zot |  10373 |   9643 |    730 |   1658 |   4832 |   5 | 2074.6 |
        Bazaar |     83 |     83 |      0 |      0 |      0 |   1 |   83.0 |
        Bailey |   1173 |   1173 |      0 |    510 |     30 |   1 | 1173.0 |
      Ice Cave |    658 |    658 |      0 |      2 |    431 |   1 |  658.0 |
    Desolation |   1126 |   1126 |      0 |     91 |    369 |   1 | 1126.0 |
               +--------+--------+--------+--------+--------+-----+--------+

Top non-repeatable levels by time:
   Zot:5: 3391 daAuts
Depths:1: 2600 daAuts
Vaults:5: 2326 daAuts
   Zot:1: 2304 daAuts
Vaults:2: 2273 daAuts
Vaults:1: 2200 daAuts
   Elf:2: 2140 daAuts
   Elf:3: 2123 daAuts
Depths:4: 2114 daAuts
  Lair:2: 1896 daAuts
Vaults:3: 1869 daAuts
Depths:3: 1865 daAuts
     D:6: 1822 daAuts
Vaults:4: 1791 daAuts
     D:5: 1788 daAuts
